 Dungeon Crawl Stone Soup version 0.28-a0-622-gbaef9634d7 (webtiles) character file.

Game seed: 5168478669997137388

214 Irenicus the Geomancer (level 5, 29/42 HPs)
             Began as a Deep Dwarf Earth Elementalist on Oct 7, 2021.
             Quit the game on level 4 of the Dungeon.
             The game lasted 00:12:42 (1524 turns).

Irenicus the Geomancer (DDEE)                       Turns: 1524, Time: 00:12:42

Health: 29/42      AC:  2    Str: 10 (12) XL:     5   Next: 59%
Magic:  0/6        EV: 12    Int: 14 (16) God:
Gold:   171        SH:  0    Dex: 10 (13) Spells: 4/7 levels left

rFire   . . .      SeeInvis .   d - +1 short sword
rCold   . . .      Faith    .   (no shield)
rNeg    . . .      Spirit   .   b - +0 robe
rPois   .          Reflect  .   (no helmet)
rElec   .          Harm     .   (no cloak)
rCorr   .          Rampage  .   (no gloves)
Will    .....                   (no boots)
Stlth   ++........              (no amulet)
HPRegen 0.00/turn               (no ring)
MPRegen 0.10/turn               (no ring)

@: brilliant
A: damage resistance, heal wounds, sense surroundings 1, no regeneration
a: Heal Wounds


You were on level 4 of the Dungeon.
You visited 1 branch of the dungeon, and saw 4 of its levels.

You collected 171 gold pieces.


Innate Abilities, Weirdness & Mutations

You are resistant to damage.
You can heal yourself by infusing magical energy.
You passively map a small area around you.
You do not regenerate.


   Skills:
 - Level 2.1 Dodging
 - Level 2.4 Stealth
 - Level 1.7 Spellcasting
 - Level 0.8 Transmutations
 + Level 8.4 Earth Magic


You had 4 spell levels left.
You knew the following spells:

 Your Spells              Type           Power      Damage    Failure   Level
w - Passwall              Tmut/Erth      17%        N/A       5%          2
z - Sandblast             Erth           74%        2d16      1%          1

Your spell library contained the following spells:

 Spells                   Type           Power      Damage    Failure   Level
 Stone Arrow              Conj/Erth      38%        3d9       13%         3
 Petrify                  Tmut/Erth      21%        N/A       34%         4

Inventory:

Hand Weapons
 d - a +1 short sword (weapon)
Missiles
 c - 3 stones
Armour
 b - a +0 robe (worn)
Wands
 i - a wand of polymorph (10)
Scrolls
 a - a scroll of fog {unknown}
 e - a scroll of fear
 f - a scroll of enchant armour {unknown}
 k - 2 scrolls of enchant weapon
Potions
 g - 2 potions of berserk rage {unknown}
 j - a potion of might
 n - a potion of curing {@q1}
 o - a potion of degeneration

Dungeon Overview and Level Annotations

Branches:
Dungeon (4/15)
 Temple: D:4-7

Altars:
Ashenzari
Dithmenos
Nemelex Xobeh
Sif Muna
Yredelemnul
Beogh

Annotations:
D:3 2 transporters, sn0wgr3's ghost, amateur GrFi

, , ,, * *** , * , , , *
, ,, * .# * .# # ,
#+###############.#.# **
##........#........... *
, ,..........#.......#.#
, .....<.@..#.......#, ,
.......)))#.......#, ,#
, ..........#.......#,
.##
..........#.......##...#
...########..........# ,
.. #.......#?...# .
#.......#.#..# ,
######..#.. >.
###.#####.


There were no monsters in sight!


Message History

Your magical essence is drained by the effort!
You feel much better. The orc hits you with a +0 hand axe. The orc misses you.
You barely miss the orc.
The orc is heavily wounded.
The orc hits you with a +0 hand axe. The orc hits you with a +0 club.
You hit the orc.
You kill the orc!
The orc hits you with a +0 hand axe. The orc hits you with a +0 hand axe.
Things that are here:
a +0 club; an orc corpse You closely miss the orc.
The orc is lightly wounded.
The orc misses you.
You closely miss the orc.
The orc is lightly wounded.
The orc hits you with a +0 hand axe. The orc closely misses you.
You barely miss the orc. The orc completely misses you.
You closely miss the orc. The orc hits you with a +0 hand axe.
You closely miss the orc. The orc barely misses you.
Casting: Sandblast (safe; 1% risk of failure)
Confirm with . or Enter, or press ? or * to list all spells.
Aiming: Sandblast (safe; 1% risk of failure)
Press: ? - help, Shift-Dir - straight line, f/p - orc
Aim: an orc, wielding a +0 hand axe and wearing a +0 leather armour (82% to hit)
You feel a surge of power!
The blast of sand hits the orc!
You kill the orc!
You feel your intelligence returning.
Okay, then.
Are you sure you want to abandon this character and quit the game? (Confirm with "yes".)

Skill      XL: |  1  2  3  4  5 |
---------------+----------------+-----
Earth Magic    | 5 6 7 8 |  8.4
Dodging        | |  2.1
Stealth        | |  2.4
Spellcasting   | |  1.7
Transmutations | |  0.8

Action                   |  1- 3 |  4- 6 || total
-------------------------+-------+-------++-------
Melee: Short sword       |    72 |    48 ||   120
 Cast: Sandblast         |    32 |    57 ||    89
       Passwall          |     4 |     5 ||     9
 Abil: Heal Wounds       |     1 |     1 ||     2
Evoke: Wand              |       |     1 ||     1
  Use: Scroll            |       |     4 ||     4
       Potion            |       |     4 ||     4
 Stab: Sleeping          |     5 |     6 ||    11
Armor: Robe              |    20 |     7 ||    27
Dodge: Dodged            |    79 |    53 ||   132

Levels and vault maps discovered:
D:1:      lightli_molten_gateway, layout_basic,
          hellmonk_ecumenical_altar_defaced_shrine
D:2:      layout_loops_cross, basic_altar, minmay_surrounded, uniq_natasha
D:3:      layout_loops_cross, ashenzari_altar_1, nicolae_overflow_hidden_temple,
          general_overflow_altar, mainiacjoe_overflow_concentric_impassable,
          gammafunk_ghost_mausoleum
D:4:      layout_basic, minmay_door_square

Notes
Turn   | Place    | Note
-------+----------+-------------------------------------------
     0 | D:1      | Irenicus the Deep Dwarf Earth Elementalist began the quest
                  | for the Orb.
     0 | D:1      | Reached XP level 1. HP: 15/15 MP: 3/3
   137 | D:1      | Reached XP level 2. HP: 20/22 MP: 4/4
   155 | D:1      | Reached skill level 5 in Earth Magic
   273 | D:1      | Found a faded altar of an unknown god.
   281 | D:1      | Learned a level 2 spell: Passwall
   299 | D:1      | Reached XP level 3. HP: 9/28 MP: 3/5
   594 | D:2      | Reached skill level 6 in Earth Magic
   665 | D:2      | Reached XP level 4. HP: 31/36 MP: 3/6
   820 | D:2      | Noticed Natasha
   825 | D:2      | Killed Natasha
   826 | D:2      | Reached skill level 7 in Earth Magic
   889 | D:2      | Found a shadowy altar of Dithmenos.
   995 | D:3      | Found a shimmering blue altar of Sif Muna.
  1029 | D:3      | Found a basalt altar of Yredelemnul.
  1118 | D:3      | Noticed an orc warrior
  1141 | D:3      | Reached XP level 5. HP: 33/42 MP: 0/7
  1199 | D:3      | Found a sparkling altar of Nemelex Xobeh.
  1267 | D:3      | Found a transporter.
  1269 | D:3      | Noticed sn0wgr3's ghost (amateur GrFi)
  1270 | D:3      | Found a transporter.
  1270 | D:3      | Noticed a phantom
  1295 | D:3      | Found a broken altar of Ashenzari.
  1311 | D:3      | an orc warrior changed into a worm
  1372 | D:3      | Reached skill level 8 in Earth Magic
  1524 | D:4      | Quit the game

Vanquished Creatures
  An orc priest (D:4)
  Natasha (D:2)
  5 adders
  An adder skeleton (D:4)
  3 worms
  6 dart slugs
  4 orcs
  4 bats
  7 endoplasms
  6 giant cockroaches
  10 goblins
  7 hobgoblins
  5 quokkas
  10 ball pythons
  4 frilled lizards
  4 kobolds
  8 rats
86 creatures vanquished.

Table legend: (Time is in decaauts)
 A = Elapsed time spent in this place.
 B = Non-inter-level travel time spent in this place.
 C = Inter-level travel time spent in this place.
 D = Time resting spent in this place.
 E = Time spent auto-exploring this place.
 F = Levels seen in this place.
 G = Mean time per level.
                   A        B        C        D        E       F      G
               +--------+--------+--------+--------+--------+-----+--------+
         Total |   1534 |   1495 |     39 |      0 |      0 |   4 |  383.5 |
       Dungeon |   1534 |   1495 |     39 |      0 |      0 |   4 |  383.5 |
               +--------+--------+--------+--------+--------+-----+--------+

Top non-repeatable levels by time:
     D:1: 543 daAuts
     D:3: 455 daAuts
     D:2: 439 daAuts
     D:4: 96 daAuts

Table legend:
 A = Non-vault XP
 B = Vault XP
 C = Vault XP percentage of total XP
 D = Non-vault monster count
 E = Vault monster count
 F = Vault count percentage of total count
                 A         B        C        D         E       F
            +---------+---------+-------+---------+---------+-------
      Total |     235 |      71 |  23.2 |      72 |      14 |  16.3
            +---------+---------+-------+---------+---------+-------
        D:1 |      40 |      15 |  27.3 |      23 |       8 |  25.8
        D:2 |      64 |      56 |  46.7 |      19 |       6 |  24.0
        D:3 |      73 |       0 |   0.0 |      23 |       0 |   0.0
        D:4 |      58 |       0 |   0.0 |       7 |       0 |   0.0
            +---------+---------+-------+---------+---------+-------
